 Dungeon Crawl Stone Soup version 0.19-a0-1803-g97ff39f (webtiles) character file.

1537 Naow the Cleaver (level 8, 0/67 HPs)
             Began as a Minotaur Berserker on Oct 5, 2016.
             Was an Elder of Trog.
             Slain by an orc warrior
             ... wielding a +0 long sword
              (18 damage)
             ... on level 5 of the Dungeon.
             The game lasted 00:08:04 (3965 turns).

Naow the Cleaver (Minotaur Berserker)               Turns: 3965, Time: 00:08:05

Health: 0/67       AC:  7    Str: 23    XL:     8   Next: 56%
Magic:  7/7        EV:  9    Int:  9    God:    Trog [****..]
Gold:   260        SH:  8    Dex:  9    Spells: 0 memorised, 7 levels left

rFire  . . .     SeeInvis .     a - +0 hand axe
rCold  . . .     Gourm    .     y - +1 leather armour "Ulaeklong" {rN+ Int+3}
rNeg   + . .     Faith    .     D - +1 shield
rPois  .         Spirit   .     (helmet restricted)
rElec  .         Dismiss  .     (no cloak)
rCorr  +         Reflect  .     (no gloves)
MR     ++...     Harm     .     G - +2 pair of boots
Stlth  +.........               (no amulet)
                                u - ring of resist corrosion
                                (no ring)

@: exhausted, regenerating, slowed, very slow
A: retaliatory headbutt, horns 2
a: Berserk, Trog's Hand, Brothers in Arms, Burn Spellbooks, Renounce Religion


You were on level 5 of the Dungeon.
You worshipped Trog.
Trog was greatly pleased with you.
You were very hungry.

You visited 1 branch of the dungeon, and saw 6 of its levels.

You collected 260 gold pieces.

Inventory:

Hand Weapons
 a - a +0 hand axe (weapon)
Armour
 b - a +0 animal skin
 n - a +0 scale mail
 y - the +1 leather armour "Ulaeklong" (worn) {rN+ Int+3}
   (You found it on level 4 of the Dungeon)

   It affects your intelligence (+3).
   It protects you from negative energy.
 D - a +1 shield (worn)
 G - a +2 pair of boots (worn)
Jewellery
 t - an uncursed ring of see invisible
 u - a ring of resist corrosion (right hand)
Wands
 B - a wand of enslavement (13/24)
Scrolls
 f - a scroll of fear {unknown}
 g - a scroll of enchant armour
 i - 8 scrolls of identify {unknown}
 k - 2 scrolls of amnesia {unknown}
 m - a scroll of remove curse
 o - a scroll of fog {unknown}
 r - 2 scrolls of teleportation
 z - a scroll of immolation {unknown}
 F - a scroll of noise {unknown}
Potions
 d - 3 potions of degeneration {unknown}
 e - a potion of flight {unknown}
 h - a potion of might {unknown}
 j - a potion of lignification {unknown}
 l - a potion of agility {unknown}
 p - 4 potions of mutation {unknown}
 q - a potion of haste {unknown}
 v - a potion of cure mutation {unknown}
 x - a potion of brilliance {unknown}
 C - a potion of magic {unknown}
 E - a potion of heal wounds {unknown}
Comestibles
 c - 4 bread rations
 w - a meat ration


   Skills:
 - Level 4.4 Fighting
 + Level 12.5 Axes
 - Level 2.7 Armour
 - Level 2.5 Dodging


You had 7 spell levels left.
You didn't know any spells.

Dungeon Overview and Level Annotations

Branches:
Dungeon (6/15)             Temple (0/1) D:4

Altars:

Annotations:
D:6 Edmund


Innate Abilities, Weirdness & Mutations

You reflexively headbutt those who attack you in melee.
You have a pair of horns on your head.


Message History

The orc closely misses you.
Edmund says, "Everyone always remembers my brother. 'Who's Edmund?' they ask!"
The crimson imp blinks!
There is a stone staircase leading up here.
You block the orc warrior's attack.
The phantom blinks!
The crimson imp blinks!
Edmund says, "Everyone always remembers my brother. 'Who's Edmund?' they ask!"
You climb upwards.
There is a stone staircase leading down here.
You see here a leather armour.
Your skin crawls.
You feel resistant to hostile enchantments.
You are feeling very hungry.
You block the orc warrior's attack. x2
You hit the orc warrior. You headbutt the orc warrior.
The orc warrior is lightly wounded.
The orc warrior hits you with a long sword!
* * * LOW HITPOINT WARNING * * *
You fail to use your ability.
The orc warrior hits you with a long sword!!
You die...

#.................#.########
#####.################.........#
............###### #########.#
#####............# #.# #
#..####.####.# #.# # #..# #.#
#.# #.# #####..# #.# #.# #.#
##.##..# #.# #o# #.# .......#
#.####@# #.# ##.###.## #.#...)#
#.# #...#...###.#.#### #.#
..............############# #.#
#...#...###.#......(......# #.#
##.###.#####..###########.# #.#
##............# #.# #.#
######.######.# #.####.# ...#
#.# #.# #.##...#


You could see an orc warrior.

Vanquished Creatures
  An orc warrior (D:6)
  An ice beast (D:6)
  A sky beast (D:6)
  2 centaurs
  5 scorpions
  A howler monkey (D:6)
  A bullfrog zombie (D:5)
  A centaur zombie (D:5)
  2 jellies (D:6)
  2 orc priests
  A centaur skeleton (D:5)
  3 hounds
  2 iguanas
  An orc wizard (D:6)
  A worker ant (D:6)
  A hound skeleton (D:5)
  2 howler monkey zombies
  A worker ant zombie (D:5)
  Robin (D:4)
  10 gnolls
  10 adders
  2 howler monkey skeletons
  3 shadow imps
  An ooze (D:2)
  An adder skeleton (D:5)
  3 worms
  4 dart slugs
  2 leopard geckos
  22 orcs
  6 bats
  5 giant cockroaches
  14 goblins
  6 hobgoblins
  8 jackals
  5 quokkas
  A frilled lizard (D:1)
  7 kobolds
  A leopard gecko zombie (D:6)
  8 rats
  A fungus (D:4)
150 creatures vanquished.

Vanquished Creatures (others)
  A fungus (D:4)
1 creature vanquished.

Grand Total: 151 creatures vanquished

Notes
Turn   | Place    | Note
-------+----------+-------------------------------------------
     0 | D:1      | Naow the Minotaur Berserker began the quest for the Orb.
     0 | D:1      | Reached XP level 1. HP: 19/19 MP: 0/0
   148 | D:1      | Reached XP level 2. HP: 27/27 MP: 1/1
   600 | D:2      | Reached skill level 4 in Axes
   600 | D:2      | Reached XP level 3. HP: 28/34 MP: 2/2
   665 | D:2      | Reached ** piety under Trog
   889 | D:2      | Reached XP level 4. HP: 32/41 MP: 3/3
   916 | D:2      | Reached skill level 5 in Axes
  1359 | D:3      | Reached skill level 6 in Axes
  1362 | D:3      | Reached XP level 5. HP: 37/47 MP: 4/4
  1687 | D:3      | Found a faded altar of an unknown god.
  2047 | D:4      | Got an amethyst-encrusted leather armour
  2058 | D:4      | Identified the +1 leather armour "Ulaeklong" {rN+ Int+3} (You found it on level 4 of the Dungeon)
  2076 | D:4      | Reached skill level 7 in Axes
  2087 | D:4      | Reached *** piety under Trog
  2229 | D:4      | Found a staircase to the Ecumenical Temple.
  2233 | D:4      | Noticed Robin
  2238 | D:4      | Reached XP level 6. HP: 45/53 MP: 5/5
  2246 | D:4      | Killed Robin
  2422 | D:4      | Reached skill level 8 in Axes
  2889 | D:5      | Entered Level 5 of the Dungeon
  2892 | D:5      | Reached skill level 9 in Axes
  2915 | D:5      | Reached XP level 7. HP: 60/60 MP: 6/6
  2990 | D:5      | Reached **** piety under Trog
  3230 | D:5      | Reached skill level 10 in Axes
  3527 | D:5      | Reached skill level 11 in Axes
  3602 | D:6      | Reached XP level 8. HP: 44/67 MP: 7/7
  3912 | D:6      | Reached skill level 12 in Axes
  3946 | D:6      | Noticed Edmund
  3965 | D:5      | Slain by an orc warrior

Vault maps used:
D:1:      sevenhm_arrival_forest_fort_small_6, serial_glass, glass_columns_b,
          glass_columns_c
D:2:      lemuel_upstairs_altar
D:3:      ecumenical_altar_2, first_bread
D:4:      old_forge, uniq_robin
D:6:      hangedman_decor_growths, uniq_edmund

Skill      XL: |  1  2  3  4  5  6  7  8 |
---------------+-------------------------+-----
Fighting       | 4 |  4.4
Axes           | 4 6 7 9 11 12 | 12.5
Armour         | |  2.7
Dodging        | |  2.5

Action                   |  1- 3 |  4- 6 |  7- 9 || total
-------------------------+-------+-------+-------++-------
Melee: Hand axe          |    63 |   157 |   176 ||   396
       Headbutt          |    12 |    28 |    36 ||    76
Invok: Berserk           |       |     3 |     2 ||     5
       Trog's Hand       |       |       |     3 ||     3
  Use: Scroll            |       |       |     3 ||     3
 Stab: Sleeping          |       |     1 |       ||     1
  Eat: Chunk             |       |    10 |     5 ||    15
Armor: Animal skin       |     5 |     5 |       ||    10
       Leather armour    |       |    32 |    41 ||    73
Dodge: Dodged            |    37 |    92 |    87 ||   216
Block: Shield            |       |       |    30 ||    30
